 Dungeon Crawl Stone Soup version 0.30.1-11-g7821555f0a (webtiles) character file.

Game seed: 13157204581745145382

26 KyoPewz the Vexing (level 2, -2/12 HPs)
             Began as a Felid Enchanter on Oct 31, 2023.
             Killed from afar by a dart slug (6 damage)
             ... with a slug dart
             ... on level 2 of the Dungeon.
             The game lasted 00:01:59 (1126 turns).

KyoPewz the Vexing (Felid Enchanter)                Turns: 1126, Time: 00:01:59

Health: -2/12      AC:  1    Str:  4    XL:     2   Next: 89%
Magic:  6/6        EV: 17    Int: 16    God:
Gold:   43         SH:  0    Dex: 16    Spells: 3/5 levels left
                                        Lives:  0   Deaths: 0

rFire   . .          .
                       - Unarmed
rCold   . . .        (shield unavailable)
rNeg    . . .        (body armour unavailable)
rPois   .            (helmet unavailable)
rElec   .            (cloak unavailable)
rCorr   .            (gloves unavailable)
SInv    +            (boots unavailable)
Will    .....        (no amulet)
Stlth   ++           (no ring)
HPRegen 0.22/turn    (no ring)
MPRegen 0.10/turn

%: no passive effects
@: very slow
A: very small, claws 1, fangs 3, see invisible, speed 1, shaggy fur 1, stealthy
paws, no weapons or thrown items, no armour, multi-lived
a: no special abilities


You were on level 2 of the Dungeon.
You visited 1 branch of the dungeon, and saw 2 of its levels.

You collected 43 gold pieces.

Inventory:

Scrolls
 b - a scroll of summoning {unknown}
 c - a scroll of teleportation {unknown}
 e - a scroll of brand weapon {unknown}
Potions
 a - 2 potions of invisibility
 d - a potion of lignification {unknown}
 f - a potion of curing {unknown}
 g - a potion of haste {unknown}
 h - a potion of heal wounds {unknown}


   Skills:
 + Level 0.9 Fighting
 - Level 2.6 Dodging
 + Level 4.4 Stealth
 + Level 1.5 Unarmed Combat
 + Level 2.3 Spellcasting
 + Level 4.8 Hexes


You had 3 spell levels left.
You knew the following spells:

 Your Spells              Type           Power      Damage    Failure   Level
a - Ensorcelled Hibernat  Hex/Ice        18%        N/A       12%         2

Your spell library contained the following spells:

 Spells                   Type           Power      Damage    Failure   Level
 Confusing Touch          Hex            17%        N/A       9%          3
 Tukima's Dance           Hex            17%        N/A       9%          3
 Necrotise                Necr           4%         1d4       21%         1
 Dazzling Flash           Conj/Hex       18%        N/A       22%         3
 Vampiric Draining        Necr           1%         2d6       52%         3
 Agony                    Necr           1%         N/A       99%         5


Dungeon Overview and Level Annotations

Branches:
Dungeon (2/15)

Altars:


Innate Abilities, Weirdness & Mutations

You have sharp claws.
You have razor-sharp teeth.
You have supernaturally acute eyesight. (SInv)
You cover ground quickly. (Speed+)
You are covered in fur. (AC +1)
Your paws help you pounce on unaware monsters.
You are incapable of wielding weapons or throwing items.
You cannot wear armour.
You gain extra lives every three experience levels.


Message History

a +0 club; a hobgoblin corpse; a goblin corpse You open the door.
There is an open door here.
Found a stone staircase leading down.
Health restored: 12; MP restored: 6
f - a sedimented orange potion A rat comes into view.
A rat is nearby!
You pick up a book of Necromancy and begin reading...
You add the spells Necrotise, Vampiric Draining and Agony to your library.
You enter the shallow water.
Moving in this stuff is going to be slow.
You enter the shallow water.
Moving in this stuff is going to be slow.
g - an orange potion
h - a yellow potion You enter the shallow water.
Moving in this stuff is going to be slow.
You enter the shallow water.
Moving in this stuff is going to be slow.
You open the door.
There is an open door here.
You open the large door.
There is a large open door here.
You enter the shallow water.
Moving in this stuff is going to be slow.
A dart slug comes into view.
A dart slug is nearby!
The dart slug launches a dart at you. The slug dart misses you.
The dart slug launches a dart at you. The slug dart hits you.
You take 4 damage, and have 8/12 hp.
MASSIVE DAMAGE!!
The dart slug launches a dart at you. The slug dart hits you.
You take 4 damage, and have 4/12 hp.
MASSIVE DAMAGE!!
The dart slug launches a dart at you. The slug dart hits you.
Ouch! That really hurt!
You die...

## ### ##~##~~#
#~~~#~~# #~~w#~~#
#~~~~~~# ~ ##
#~≈≈≈~~# .~~ ##.
#≈~≈≈≈≈#.~~~ ##..
#≈≈~~≈≈~~~≈≈ ##.#.
#≈~@~~≈≈~≈≈≈ ##.##P
#~~~#~~≈≈≈≈~ ##..#.~
#~~~#~~≈≈≈~~##.#~.~~
#~~~##~~~~~##~~~~~~.
##~~# ##~~##~~.#≈~~#
#~## #~##~.###.##
##.#######....#...#
##....###.........
#....'.'.........


You could see a dart slug.

Vanquished Creatures
  2 dart slugs (D:1)
  3 goblins
  3 hobgoblins
  3 kobolds (D:1)
  2 quokkas (D:1)
  2 ball pythons (D:1)
  A bat (D:1)
  A frilled lizard (D:1)
  4 rats (D:1)
21 creatures vanquished.

Notes
Turn   | Place    | Note
-------+----------+-------------------------------------------
     0 | D:1      | KyoPewz the Felid Enchanter began the quest for the Orb.
     0 | D:1      | Reached XP level 1. HP: 7/7 MP: 4/4
   183 | D:1      | Reached XP level 2. HP: 10/12 MP: 6/6
   186 | D:1      | Learned a level 2 spell: Ensorcelled Hibernation
  1126 | D:2      | Killed from afar by a dart slug

Illustrated notes

Levels and vault maps discovered:
D:1:      saegor_arrival_simple_d, layout_basic
D:2:      wad_lake_hut, layout_basic,
          dreamdust_ecumenical_altar_angels_and_demons, uniq_crazy_yiuf_cottage

Action                     || total
---------------------------++-------
  Melee: Unarmed           ||    49
         Bite              ||     3
   Cast: Ensorcelled Hiber ||     5
   Stab: Sleeping          ||     9
  Dodge: Dodged            ||    19
